 Dungeon Crawl Stone Soup version 0.22.1-1-ga44c0e56f4 (webtiles) character file.

1650 Jerry the Poker (level 8, -12/70 HPs)
             Began as a Centaur Fighter on Oct 19, 2018.
             Was a Follower of Trog.
             Mangled by an ogre
             ... wielding a cursed -1 giant club
              (24 damage)
             ... on level 9 of the Dungeon.
             The game lasted 00:18:22 (6244 turns).

Jerry the Poker (Centaur Fighter)                   Turns: 6244, Time: 00:18:23

Health: -12/70     AC:  9    Str: 24    XL:     8   Next: 67%
Magic:  8/8        EV: 10    Int:  8    God:    Trog [*.....]
Gold:   362        SH:  0    Dex: 12    Spells: 7/7 levels left

rFire    . . .     SeeInvis .   t - +12 glaive of Prune {chop}
rCold    . . .     Gourm    +   (shield currently unavailable)
rNeg     + . .     Faith    .   r - +2 leather armour {rN+}
rPois    .         Spirit   .   w - +0 helmet
rElec    .         Reflect  .   z - +0 cloak
rCorr    .         Harm     .   (no gloves)
MR       .....                  (no barding)
Stlth    +.........             a - amulet of the gourmand
HPRegen  0.21/turn              y - +2 ring of dexterity
MPRegen  0.11/turn              E - ring of wizardry

@: mighty, berserk cooldown, slowed
A: large, hooves 3, deformed body, speed 2, tough skin 3
a: Berserk, Renounce Religion


You were on level 9 of the Dungeon.
You worshipped Trog.
Trog was aware of your devotion.
You were completely stuffed.

You visited 2 branches of the dungeon, and saw 9 of its levels.
You also visited: Ossuary.

You collected 362 gold pieces.

Inventory:

Hand Weapons
 q - a +1 trident of protection
 t - the +12 glaive of Prune (weapon) {chop}
   (You found it on level 4 of the Dungeon)

   It inflicts extra damage upon your enemies.
 x - a +1 shortbow
Missiles
 g - 106 arrows
 o - 60 bolts
Armour
 b - a +0 scale mail
 c - a +0 shield
 r - a +2 leather armour of positive energy (worn)
 w - a +0 helmet (worn)
 z - a +0 cloak (worn)
 G - a +0 leather armour of magic resistance
Jewellery
 a - an amulet of the gourmand (around neck)
 y - a +2 ring of dexterity (left hand)
 E - a ring of wizardry (right hand)
Wands
 s - a wand of clouds (2)
 u - a wand of paralysis (10)
 I - a wand of digging (14)
Scrolls
 j - 4 scrolls of amnesia
 m - 5 scrolls of remove curse
 p - 2 scrolls of magic mapping
 v - 6 scrolls of teleportation
 H - a scroll of enchant weapon
 J - a scroll of fear
Potions
 e - 3 potions of lignification {unknown}
 h - 2 potions of curing {unknown}
 i - 2 potions of agility {unknown}
 k - a potion of ambrosia {unknown}
 l - a potion of flight {unknown}
 n - a potion of heal wounds {unknown}
 A - 2 potions of invisibility {unknown}
 B - 2 potions of magic {unknown}
 C - a potion of haste {unknown}
 F - a potion of degeneration {unknown}
Comestibles
 f - 19 rations
 D - 3 chunks of flesh


   Skills:
 + Level 5.7 Fighting
 * Level 6.6 Polearms
 - Level 1.1 Bows
 + Level 4.3 Armour
 + Level 2.7 Dodging
 - Level 3.0 Shields


You had 7 spell levels left.
You didn't know any spells.
Your spell library was empty.

Dungeon Overview and Level Annotations

Branches:
Dungeon (7/15)             Temple (1/1) D:5

Altars:
Ashenzari
Cheibriados
Dithmenos
Gozag
Kikubaaqudgha
Nemelex Xobeh
Okawaru
Qazlal
Ru
Sif Muna
Trog
Uskayaw
Vehumet
Wu Jian
Yredelemnul
Zin
The Shining One


Innate Abilities, Weirdness & Mutations

You have hooves in place of feet.
Armour fits poorly on your strangely shaped body.
You cover ground very quickly.
You have extremely tough skin. (AC +3)


Message History

The orc warrior hits you but does no damage.
You feel a strong urge to attack something.
The teleport trap disappears.
The orc warrior disappears!
An orc comes into view. It is wielding a mace of protection.
You are too injured to fight recklessly!
You feel your anger nearly subside.
You are no longer berserk.
You are exhausted.
You feel yourself slow down.
The orc shouts!
The orc hits you with a mace of protection.
* * * LOW HITPOINT WARNING * * *
An ogre comes into view. It is wielding a giant club.
You barely miss the orc. The orc completely misses you.
The orc hits you but does no damage.
You slash the orc!
You kill the orc!
Trog accepts your kill.
You feel very mighty all of a sudden. The ogre barely misses you.
The ogre hits you with a giant club!!
You die...

### ..# #.# #
... ..
#####.####..#
#...).......#
#@#.##..#
##.O......
#....##..#
#..#.# #).#.#
...?..#
.........
#####..#.#
#..#.#


You could see an ogre.

Vanquished Creatures
  A wyvern (D:9)
  Edmund (D:6)
  An ogre (D:5)
  A centaur (D:5)
  An elf zombie (Ossuary)
  A bullfrog (D:6)
  2 scorpions
  A water moccasin skeleton (D:5)
  A crimson imp (D:5)
  A quasit (D:5)
  3 orc priests
  2 hounds
  Crazy Yiuf (D:5)
  9 orc wizards
  Terence (D:3)
  2 iguanas
  2 worker ants
  A hound skeleton (D:3)
  A hound zombie (Ossuary)
  A worker ant zombie (D:6)
  2 howler monkey zombies
  4 mummies (Ossuary)
  A gnoll (D:1)
  7 adders
  An ooze (D:6)
  2 adder zombies
  3 dart slugs
  4 leopard geckos
  26 orcs
  2 ball pythons
  5 bats
  7 giant cockroaches
  A gnoll zombie (Ossuary)
  10 goblins
  8 hobgoblins
  3 jackals (D:1)
  5 kobolds
  4 quokkas
  3 frilled lizards
  A hobgoblin zombie (Ossuary)
  5 jackal zombies
  An orc zombie (Ossuary)
  A quokka zombie (D:5)
  7 rats
  2 rat zombies (Ossuary)
149 creatures vanquished.

Notes
Turn   | Place    | Note
-------+----------+-------------------------------------------
     0 | D:1      | Jerry the Centaur Fighter began the quest for the Orb.
     0 | D:1      | Reached XP level 1. HP: 19/19 MP: 1/1
    42 | D:1      | Reached skill level 2 in Polearms
    48 | D:1      | Reached XP level 2. HP: 25/26 MP: 2/2
   296 | D:1      | Reached XP level 3. HP: 31/31 MP: 3/3
  1276 | D:2      | Reached XP level 4. HP: 33/38 MP: 4/4
  1492 | D:2      | Found a deep blue altar of Sif Muna.
  1844 | D:3      | Reached skill level 3 in Polearms
  1923 | D:3      | Reached XP level 5. HP: 39/46 MP: 5/5
  2204 | D:3      | Noticed Terence
  2218 | D:3      | Killed Terence
  2646 | D:4      | Reached XP level 6. HP: 48/52 MP: 6/6
  2674 | D:4      | Found the +12 glaive of Prune {chop}
  3690 | D:5      | Entered Level 5 of the Dungeon
  3691 | D:5      | Reached skill level 4 in Polearms
  4006 | D:5      | Reached skill level 1 in Dodging
  4006 | D:5      | Reached XP level 7. HP: 37/60 MP: 7/7
  4311 | D:5      | Reached skill level 5 in Polearms
  4316 | D:5      | Reached skill level 1 in Bows
  4620 | D:5      | Found a staircase to the Ecumenical Temple.
  4625 | Temple   | Entered the Ecumenical Temple
  4813 | Temple   | Became a worshipper of Trog the Wrathful
  4959 | D:5      | Found a runed door.
  4963 | D:5      | Noticed Crazy Yiuf
  4966 | D:5      | Killed Crazy Yiuf
  5053 | D:6      | Found a sand-covered staircase.
  5058 | Ossuary  | Entered an ossuary
  5439 | D:6      | Reached skill level 5 in Fighting
  5644 | D:6      | Reached * piety under Trog
  5644 | D:6      | Reached XP level 8. HP: 68/68 MP: 8/8
  5695 | D:6      | Noticed Edmund
  5702 | D:6      | Killed Edmund
  5844 | D:6      | Found a shattered altar of Ashenzari.
  5847 | D:6      | Reached skill level 6 in Polearms
  5848 | D:6      | Found an iron altar of Okawaru.
  5848 | D:6      | Found a radiant altar of Vehumet.
  5848 | D:6      | Found an ornate altar of the Wu Jian Council.
  6228 | D:7      | You fall through a shaft for 2 floors!
  6244 | D:9      | Mangled by an ogre

Skill      XL: |  1  2  3  4  5  6  7  8 |
---------------+-------------------------+-----
Polearms       | 2 3 4 5 6 |  6.6
Armour         | 3 4 |  4.3
Fighting       | 4 5 |  5.7
Shields        | 3 |  3.0
Dodging        | 1 2 |  2.7
Bows           | 1 |  1.1

Action                   |  1- 3 |  4- 6 |  7- 9 || total
-------------------------+-------+-------+-------++-------
Melee: Trident           |    97 |    96 |       ||   193
       Kick              |    12 |    28 |    13 ||    53
       Spear             |    19 |    62 |       ||    81
       Glaive            |       |    21 |   102 ||   123
Invok: Berserk           |       |       |     1 ||     1
  Use: Scroll            |     4 |     5 |     3 ||    12
       Potion            |       |       |     2 ||     2
  Eat: Chunk             |       |     8 |    17 ||    25
Armor: Scale mail        |    47 |    65 |       ||   112
       Leather armour    |       |    12 |    87 ||    99
Dodge: Dodged            |     7 |    43 |   106 ||   156
Block: Shield            |    40 |    72 |       ||   112
